Map: Jagannatha LE

Players

Eleven - Winner!

  • Race: Zerg Zerg
  • League: Diamond
  • Spawn Location: 1:00

IlIlIlIlIlIl

  • Race: Protoss Protoss
  • Spawn Location: 7:00

VOD

Have the link to the VOD?

Description

Time

  • Played on: Feb. 27, 2021, 8:11 a.m.
  • Length: 4:17
Show
View Real Time Build Order
Export as new Build Order

Eleven Zerg - Winner!

Build Orders: Hatch First 

Get SALT Encoding   

  12  0:01  Drone  
  13  0:09  Drone  
  14  0:14  Extractor  
  14  0:16  Drone  
  15  0:40  Hatchery  
  14  0:46  Extractor  
  14  0:47  Drone  
  14  0:51  Overlord  
  14  1:08  Spawning Pool  
  13  1:23  Drone  
  14  1:30  Drone  
  16  1:58  Zergling x6  
  18  2:07  Spine Crawler  
  17  2:12  Lair  
  17  2:15  Drone  
  18  2:17  Extractor  
  17  2:24  Drone  
  18  2:32  Drone  
  19  2:37  Metabolic Boost  
  19  2:45  Overlord  
  19  2:55  Zergling x2  
  20  3:04  Zergling x2  
  20  3:05  Spine Crawler  
  20  3:11  Queen  
  20  3:12  Nydus Network  
  21  3:17  Zergling x2  
  22  3:27  Zergling x2  
  23  3:33  Spore Crawler  
  22  3:37  Zergling x2  
  23  3:47  Zergling x2  
  24  3:51  Nydus Canal  
Show
View Real Time Build Order
Export as new Build Order

IlIlIlIlIlIl Protoss 

Build Orders:  

Get SALT Encoding   

  12  0:00  Probe  
  13  0:12  Probe  
  14  0:18  Pylon  
  14  0:24  Probe  
  15  0:36  Probe (Chrono Boost)  
  15  0:40  Gateway  
  16  0:46  Probe (Chrono Boost)  
  17  0:56  Forge  
  17  1:07  Pylon  
  17  1:16  Probe  
  18  1:29  Photon Cannon  
  18  1:31  Photon Cannon  
  18  1:37  Pylon  
  18  1:47  Probe  
  18  1:50  Assimilator  
  19  1:59  Probe  
  20  2:07  Cybernetics Core  
  20  2:11  Probe  
  20  2:12  Photon Cannon  
  21  2:20  Photon Cannon  
  21  2:27  Photon Cannon  
  21  2:52  Pylon  
  21  2:54  Robotics Facility  
  21  2:56  Shield Battery  
  21  2:58  Shield Battery  
  21  3:02  Shield Battery  
  21  3:06  Pylon  
  21  3:15  Pylon  
  21  3:20  Shield Battery  
  21  3:33  Shield Battery  
  21  3:35  Shield Battery  
  21  3:41  Immortal (Chrono Boost)  
Tags
 
League
Diamond
Matchup
PvZ
Spawn Locations
Cross Positions
Add a new tag
Caveats
  • Supply blocks, unpowered buildings, or Contaminate may cause inaccurate times.
  • Supply counts are checked every 10 seconds.